 Dungeon Crawl Stone Soup version 0.31.0-32-g396128a36d (webtiles) character file.

Game seed: 1084518558385413804

140 NotreDorf the Ducker (level 5, -2/61 HPs)
             Began as a Merfolk Gladiator on Apr 6, 2024.
             Slain by a goblin
             ... wielding a +0 club
             ... led by Robin
              (3 damage)
             ... on level 3 of the Dungeon.
             The game lasted 00:07:12 (2204 turns).

NotreDorf the Ducker (Merfolk Gladiator)            Turns: 2204, Time: 00:07:13

Health: -2/61      AC: 22    Str: 14    XL:     5   Next: 23%
Magic:  7/7        EV:  2    Int: 10    God:
Gold:   75         SH:  0    Dex: 15    Spells: 3/7 levels left

rFire   + . .        a - +0 trident
rCold   + . .        (no shield)
rNeg    . . .        b - melded +0 leather armour
rPois   +            g - melded +0 helmet
rElec   +            (cloak currently unavailable)
rCorr   +            o - melded +0 pair of gloves
SInv    +            (boots currently unavailable)
Will    .....        (no amulet)
Stlth   ++           f - ring of see invisible
HPRegen 0.30/turn    j - ring of resist corrosion
MPRegen 0.10/turn

%: no passive effects
@: tree-form, resistant
A: stationary, stasis, torment immunity, boosted hp, (nimble swimmer 2),
(mertail)
a: no special abilities


You were on level 3 of the Dungeon.
You were a tree.
You visited 1 branch of the dungeon, and saw 3 of its levels.

You collected 75 gold pieces.

Inventory:

Hand Weapons
 a - a +0 trident (weapon)
Missiles
 d - 3 throwing nets (quivered)
 e - a javelin
Armour
 b - a +0 leather armour (melded)
 g - a +0 helmet (melded)
 o - a +0 pair of gloves (melded)
Jewellery
 f - a ring of see invisible (left branch)
 h - a ring of magical power
 j - a ring of resist corrosion (right branch)
Talismans
 m - a flux talisman
Scrolls
 i - 2 scrolls of identify {unknown}
 k - a scroll of acquirement {unknown}
 l - a scroll of vulnerability {unknown}
 n - a scroll of fear {unknown}
 q - a scroll of teleportation {unknown}
 r - a scroll of poison {unknown}
 s - a scroll of noise {unknown}
Potions
 t - a potion of resistance


   Skills:
 + Level 3.1 Fighting
 + Level 4.9 Polearms
 - Level 2.0 Throwing
 + Level 4.9 Dodging
 + Level 2.4 Stealth
 + Level 1.6 Spellcasting
 + Level 0.1 Alchemy


You had 3 spell levels left.
You knew the following spells:

 Your Spells              Type           Power      Damage    Failure   Level
a - Fulminant Prism       Conj/Alch      0%         3d5       97%         4

Your spell library contained the following spells:

 Spells                   Type           Power      Damage    Failure   Level
 Kiss of Death            Conj/Necr      0%         2d5       32%         1
 Shock                    Conj/Air       0%         1d3       32%         1
 Brom's Barrelling Bould  Conj/Erth      0%         2d3       97%         4


Dungeon Overview and Level Annotations

Branches:
Dungeon (3/15)

Altars:

Shops:
D:2 [

Annotations:
D:3 Robin


Innate Abilities, Weirdness & Mutations

You are a tree.
Your roots penetrate the ground, keeping you stationary.
You cannot be teleported.
You are immune to unholy pain and torment.
Your maximum health is greatly increased.
Your equipment is partially melded.
((You are very nimble when in or above water. (Stealth+, EV+, Speed+++)))
((Your lower body shifts to a powerful aquatic tail in water.))


Message History

The ribbon worm is lightly wounded.
Robin throws the goblin at you!
* * * LOW HITPOINT WARNING * * *
The goblin hits you with a +2 dagger of speed.
* * * LOW HITPOINT WARNING * * *
You completely miss the ribbon worm.
The ribbon worm is lightly wounded.
The goblin hits you but does no damage.
The ribbon worm bites you but does no damage.
The goblin hits you but does no damage.
You hit the goblin.
The goblin is moderately wounded.
The ribbon worm bites you but does no damage.
The goblin hits you with a +2 dagger of speed.
* * * LOW HITPOINT WARNING * * *
You puncture the goblin!
You kill the goblin!
The ribbon worm bites you but does no damage.
You barely miss the ribbon worm.
Robin says, "A pitiful Merfolk like you will never find the ORB!"
The ribbon worm bites you but does no damage.
You puncture the ribbon worm!
The ribbon worm is heavily wounded.
The goblin no longer looks unusually strong.
Robin roars a battlecry!
The goblin goes into a battle-frenzy!
The ribbon worm bites you but does no damage.
You hit the ribbon worm.
The ribbon worm is severely wounded.
The ribbon worm bites you.
* * * LOW HITPOINT WARNING * * *
You barely miss the ribbon worm.
The ribbon worm is severely wounded.
Robin throws the goblin at you! The goblin hits you with a +0 club.
* * * LOW HITPOINT WARNING * * *
You completely miss the goblin. The goblin hits you but does no damage.
The ribbon worm bites you.
* * * LOW HITPOINT WARNING * * *
You closely miss the goblin. The goblin hits you with a +0 club.
You die...

..............'.........+
#.###.##.).#.##.........#
..# #.##..##.###.......##
### # ##.###.# ##.....##
# #.# #.# ##...## #.# #.#
##'## #.# #.# #.#
.>..######.# #.....g♣wg)#
#.#######).....# .....#.#
.#....... #g#..###.# .
.g.# .# g. #.## # .. ..#


You could see a ribbon worm, Robin and a goblin (strong).

Vanquished Creatures
  Jessica (D:3)
  2 adders
  3 gnolls (D:2)
  5 dart slugs
  3 endoplasms
  2 giant cockroaches (D:1)
  11 goblins
  6 hobgoblins
  2 jackals (D:3)
  3 kobolds
  3 quokkas
  6 ball pythons
  2 bats
  3 frilled lizards (D:1)
  4 rats
56 creatures vanquished.

Notes
Turn   | Place    | Note
-------+----------+-------------------------------------------
     0 | D:1      | NotreDorf the Merfolk Gladiator began the quest for the
                  | Orb.
     0 | D:1      | Reached XP level 1. HP: 16/16 MP: 1/1
   127 | D:1      | Found a faded altar of an unknown god.
   137 | D:1      | Reached XP level 2. HP: 23/23 MP: 2/2
   411 | D:1      | Reached skill level 1 in Stealth
   678 | D:1      | Reached XP level 3. HP: 23/28 MP: 4/4
  1109 | D:2      | Found Suaps's Antique Armour Emporium.
  1145 | D:2      | Reached skill level 1 in Spellcasting
  1163 | D:2      | Reached XP level 4. HP: 7/34 MP: 5/5
  1907 | D:3      | Noticed Jessica
  1932 | D:3      | Killed Jessica
  2068 | D:3      | Reached XP level 5. HP: 37/41 MP: 7/7
  2091 | D:3      | Got the Incunabulum of Violence
  2103 | D:3      | Learned a level 4 spell: Fulminant Prism
  2157 | D:3      | Noticed Robin
  2203 | D:3      | HP: 1/61 [ribbon worm (4)]
  2204 | D:3      | Slain by a goblin

Illustrated notes

Levels and vault maps discovered:
D:1:      evilmike_arrival_rings, layout_basic,
          hellmonk_ecumenical_altar_arch_garden
D:2:      layout_basic, serial_shops, nicolae_shop_behind_doors
D:3:      layout_loops_corners, marbit_many_paths, minmay_pentangle,
          uniq_crazy_yiuf_cottage, uniq_jessica, uniq_natasha, uniq_robin

Skill      XL: |  1  2  3  4 |
---------------+-------------+-----
Stealth        | 1 2 |  2.4
Spellcasting   | 1 |  1.6
Fighting       | 3 |  3.1
Polearms       | |  4.9
Throwing       | |  2.0
Dodging        | |  4.9
Alchemy        | |  0.1

Action                     |  1- 3 |  4- 6 || total
---------------------------+-------+-------++-------
  Melee: Trident           |    90 |    84 ||   174
         Punch             |       |     1 ||     1
  Throw: Throwing net      |       |     3 ||     3
    Use: Potion            |       |     3 ||     3
   Stab: Sleeping          |     3 |     3 ||     6
 Armour: Leather armour    |    37 |    43 ||    80
         Skin              |       |    19 ||    19
  Dodge: Dodged            |    44 |    48 ||    92
